Workbook

Sheet Vasicek
A1: Refer to the closed form expression for a yield to maturity under the Vasicek model, we can rewrite it:
A2: in the form: Br - A
A3: Furthermore, we know that
A7: So we can write:
A12: A bit of algebra shows that:
A18: and
A25: And, spot rates:
A29: Note that A and B are functions of T.
A31: This type of specification also holds in the CIR model. Of course A and B are different.
B32: Furthermore in a two-factor CIR model the form holds as each of the separate factors has its own A and B (again, dependent on the zero-coupon security's term.)
A33: This class of models is called Affine Term Structure Models.
A36: Case Study 16.8 (Veronesi, p. 579).
B38: Please note that Veronesi has not separately identified the risk premium lambda in the afine term structure models at this point in the book.
C39: Remember if all we are interested in is pricing and hedging, then we do not need to know separately lambda, kappa, and theta.
C40: Instead, we know kappa and theta in the equivalent risk-neutral world.
A43: Parameters:
B44: sigma: | C44: 0.0317
B45: theta-hat: | C45: 0.1899 | D45: (Veronesi uses the notation r-bar star -- highlighting the idea that this is the long-run mean of the short rate and in the equivalent risk-neutral world.)
B46: kappa-hat: | C46: 0.0583 | D46: (Veronesi uses the notation gamma-star.)
A48: So for the 1.5-year note, the price implied by the model is:
A49: Cash-flow Time | E49: Coupon: | F49: =6.5/2 -> 3.25 | G49: r: | H49: 0.0104
A50: (Years) | B50: A | C50: B | E50: Cash Flow | F50: PV of Cash Flow
A51: 0.5 | B51: =(C51-A51)*($C$45-($C$44^2/(2*$C$46^2)))-($C$44^2*C51^2)/(4*$C$46) -> -0.0013500631 | C51: =(1-EXP(-$C$46*A51))/$C$46 -> 0.4927828 | E51: =F49 -> 3.25 | F51: =E51*EXP(B51-C51*$H$49) -> 3.2290242 | H51: Discussion: | I51: The model price is the invoice price.
A52: 1 | B52: =(C52-A52)*($C$45-($C$44^2/(2*$C$46^2)))-($C$44^2*C52^2)/(4*$C$46) -> -0.0052692062 | C52: =(1-EXP(-$C$46*A52))/$C$46 -> 0.97140832 | E52: =F49 -> 3.25 | F52: =E52*EXP(B52-C52*$H$49) -> 3.2004235 | I52: By contrast, market prices are quoted net of accrued interest.
A53: 1.5 | B53: =(C53-A53)*($C$45-($C$44^2/(2*$C$46^2)))-($C$44^2*C53^2)/(4*$C$46) -> -0.011570158 | C53: =(1-EXP(-$C$46*A53))/$C$46 -> 1.4362833 | E53: =100+F49 -> 103.25 | F53: =E53*EXP(B53-C53*$H$49) -> 100.54906
F55: =SUM(F51:F53) -> 106.9785 | G55: Bond Value under the Vasicek model.
B56: Vasicek Bond value as per Veronesi: | E56: 106.9791 | F56: =(F55-E56)^2*1000000 -> 0.35553988
B58: --I can't see where Veronesi tells us what the current state variable is. So I back it out using Solver
B60: Market price of this note: | D60: 107.5469 | E60: (mid-point of the bid-ask spread.)
A62: Since the market price of the security exceeds the model price, if we place our faith in the model, we can sell the note and replicate it -- using model implied
B63: hedge ratios -- to make arbitrage profits.
A65: Use the 7.5 year note to replicate:
A66: Cash-flow Time | E66: Coupon: | F66: =5/2 -> 2.5 | H66: Vasicek
A67: (Years) | B67: A | C67: B | E67: Cash Flow | F67: PV of Cash Flow | H67: Discount
A68: 0.5 | B68: =(C68-A68)*($C$45-($C$44^2/(2*$C$46^2)))-($C$44^2*$C68^2)/(4*$C$46) -> -0.0013500631 | C68: =(1-EXP(-$C$46*A68))/$C$46 -> 0.4927828 | E68: =$F$66 -> 2.5 | F68: =E68*EXP(B68-C68*$H$49) -> 2.4838648 | H68: =EXP(B68-C68*$H$49) -> 0.99354591
A69: 1 | B69: =(C69-A69)*($C$45-($C$44^2/(2*$C$46^2)))-($C$44^2*$C69^2)/(4*$C$46) -> -0.0052692062 | C69: =(1-EXP(-$C$46*A69))/$C$46 -> 0.97140832 | E69: =$F$66 -> 2.5 | F69: =E69*EXP(B69-C69*$H$49) -> 2.4618642 | H69: =EXP(B69-C69*$H$49) -> 0.98474569
A70: 1.5 | B70: =(C70-A70)*($C$45-($C$44^2/(2*$C$46^2)))-($C$44^2*$C70^2)/(4*$C$46) -> -0.011570158 | C70: =(1-EXP(-$C$46*A70))/$C$46 -> 1.4362833 | E70: =$F$66 -> 2.5 | F70: =E70*EXP(B70-C70*$H$49) -> 2.4346018 | H70: =EXP(B70-C70*$H$49) -> 0.97384074
A71: 2 | B71: =(C71-A71)*($C$45-($C$44^2/(2*$C$46^2)))-($C$44^2*$C71^2)/(4*$C$46) -> -0.020077452 | C71: =(1-EXP(-$C$46*A71))/$C$46 -> 1.8878028 | E71: =$F$66 -> 2.5 | F71: =E71*EXP(B71-C71*$H$49) -> 2.4026688 | H71: =EXP(B71-C71*$H$49) -> 0.96106753
A72: 2.5 | B72: =(C72-A72)*($C$45-($C$44^2/(2*$C$46^2)))-($C$44^2*$C72^2)/(4*$C$46) -> -0.030626725 | C72: =(1-EXP(-$C$46*A72))/$C$46 -> 2.3263504 | E72: =$F$66 -> 2.5 | F72: =E72*EXP(B72-C72*$H$49) -> 2.366637 | H72: =EXP(B72-C72*$H$49) -> 0.9466548
A73: 3 | B73: =(C73-A73)*($C$45-($C$44^2/(2*$C$46^2)))-($C$44^2*$C73^2)/(4*$C$46) -> -0.043064056 | C73: =(1-EXP(-$C$46*A73))/$C$46 -> 2.752299 | E73: =$F$66 -> 2.5 | F73: =E73*EXP(B73-C73*$H$49) -> 2.3270532 | H73: =EXP(B73-C73*$H$49) -> 0.9308213
A74: 3.5 | B74: =(C74-A74)*($C$45-($C$44^2/(2*$C$46^2)))-($C$44^2*$C74^2)/(4*$C$46) -> -0.05724534 | C74: =(1-EXP(-$C$46*A74))/$C$46 -> 3.1660103 | E74: =$F$66 -> 2.5 | F74: =E74*EXP(B74-C74*$H$49) -> 2.2844354 | H74: =EXP(B74-C74*$H$49) -> 0.91377414
A75: 4 | B75: =(C75-A75)*($C$45-($C$44^2/(2*$C$46^2)))-($C$44^2*$C75^2)/(4*$C$46) -> -0.073035699 | C75: =(1-EXP(-$C$46*A75))/$C$46 -> 3.567836 | E75: =$F$66 -> 2.5 | F75: =E75*EXP(B75-C75*$H$49) -> 2.2392691 | H75: =EXP(B75-C75*$H$49) -> 0.89570766
A76: 4.5 | B76: =(C76-A76)*($C$45-($C$44^2/(2*$C$46^2)))-($C$44^2*$C76^2)/(4*$C$46) -> -0.090308935 | C76: =(1-EXP(-$C$46*A76))/$C$46 -> 3.9581176 | E76: =$F$66 -> 2.5 | F76: =E76*EXP(B76-C76*$H$49) -> 2.1920066 | H76: =EXP(B76-C76*$H$49) -> 0.87680263
A77: 5 | B77: =(C77-A77)*($C$45-($C$44^2/(2*$C$46^2)))-($C$44^2*$C77^2)/(4*$C$46) -> -0.108947 | C77: =(1-EXP(-$C$46*A77))/$C$46 -> 4.3371867 | E77: =$F$66 -> 2.5 | F77: =E77*EXP(B77-C77*$H$49) -> 2.1430649 | H77: =EXP(B77-C77*$H$49) -> 0.85722595
A78: 5.5 | B78: =(C78-A78)*($C$45-($C$44^2/(2*$C$46^2)))-($C$44^2*$C78^2)/(4*$C$46) -> -0.12883952 | C78: =(1-EXP(-$C$46*A78))/$C$46 -> 4.7053655 | E78: =$F$66 -> 2.5 | F78: =E78*EXP(B78-C78*$H$49) -> 2.0928262 | H78: =EXP(B78-C78*$H$49) -> 0.83713049
A79: 6 | B79: =(C79-A79)*($C$45-($C$44^2/(2*$C$46^2)))-($C$44^2*$C79^2)/(4*$C$46) -> -0.1498833 | C79: =(1-EXP(-$C$46*A79))/$C$46 -> 5.0629667 | E79: =$F$66 -> 2.5 | F79: =E79*EXP(B79-C79*$H$49) -> 2.0416383 | H79: =EXP(B79-C79*$H$49) -> 0.81665532
... A81: 7 | B81: =(C81-A81)*($C$45-($C$44^2/(2*$C$46^2)))-($C$44^2*$C81^2)/(4*$C$46) -> -0.19504538 | C81: =(1-EXP(-$C$46*A81))/$C$46 -> 5.7476435 | E81: =$F$66 -> 2.5 | F81: =E81*EXP(B81-C81*$H$49) -> 1.9376383 | H81: =EXP(B81-C81*$H$49) -> 0.77505532
A82: 7.5 | B82: =(C82-A82)*($C$45-($C$44^2/(2*$C$46^2)))-($C$44^2*$C82^2)/(4*$C$46) -> -0.21898953 | C82: =(1-EXP(-$C$46*A82))/$C$46 -> 6.0753009 | E82: =100+F66 -> 102.5 | F82: =E82*EXP(B82-C82*$H$49) -> 77.299705 | H82: =EXP(B82-C82*$H$49) -> 0.75414346
F84: =SUM(F68:F82) -> 108.69709
C85: This note's market price: | F85: 108.7344
C87: Since this note is closely priced by Vasicek, we'll use it to replicate the overpriced note.
A89: To do this, we need the delta of both notes.
B90: Delta is the change in the value of the security given a small change in the state variable.
B91: A nice feature of the affine models is that the delta is a linear expression .
A92: Delta of the 1.5-year note: | D92: Delta of the 7.5 year note:
A93: =-C51*E51*H68 -> -1.5912076 | D93: =-E68*C68*H68 -> -1.2240058
A94: =-C52*E52*H69 -> -3.108918 | D94: =-E69*C69*H69 -> -2.3914754
A95: =-C53*E53*H70 -> -144.41693 | D95: =-E70*C70*H70 -> -3.496778
A96: =SUM(A93:A95) -> -149.11706 | D96: =-E71*C71*H71 -> -4.5357649
D97: =-E72*C72*H72 -> -5.505627
D98: =-E73*C73*H73 -> -6.4047462
D99: =-E74*C74*H74 -> -7.2325459
D100: =-E75*C75*H75 -> -7.9893452
D101: =-E76*C76*H76 -> -8.6762199
D102: =-E77*C77*H77 -> -9.2948725
D103: =-E78*C78*H78 -> -9.8475123
D104: =-E79*C79*H79 -> -10.336747
D105: =-E80*C80*H80 -> -10.765485
D106: =-E81*C81*H81 -> -11.136854
D107: =-E82*C82*H82 -> -469.61896
D108: =SUM(D93:D107) -> -568.45694
A113: So if we combine 1 unit of the 1.5-year note with: | E113: =A96/D108 -> 0.262319 | F113: units in the opposite sign of the 7.5 year note, this position will be neutralized wrt the state variable, under the Vasicek model.
A115: We want to sell 1 unit of the 1.5-year note, so our model-implied replication is:
A117: =F55 -> 106.9785 | B117: = | C117: =E113 -> 0.262319 | D117: * | E117: =F85 -> 108.7344 | F117: + | G117: Cash
A119: This means we have to hold | D119: =A117-C117*E117 -> 78.455405 | E119: in cash.
A121: Transactions:
A122: Sell the 1.5-year note: | C122: =D60 -> 107.5469
A123: Buy the 7.5-year note: | C123: =-E113*F85 -> -28.523099
A124: Set aside cash | C124: =-D119 -> -78.455405
A125: Net Cash flow: | C125: =SUM(C122:C124) -> 0.56839627
A127: See the discussion on p. 585 about how much capital is required to make this trade.
B128: In particular, to sell the 1.5-year note, we borrow the note from a securities lender and post the cash from selling the note as collateral.
C129: We earn the repo rate on that cash.
B130: We borrow the funds needed to purchase the 7.5-year note by posting this note as collateral in a repo agreement.
C131: If the haircut is 2%, then we need: | F131: =0.02*C117*E117 -> 0.57046197 | G131: of our firm's capital for each par unit of this transaction.

Sheet 2F CIR
A2: Case Study 16.8 (Veronesi, p. 579).
A4: Parameters: | C4: Factor 1 | D4: Factor 2
B5: sigma: | C5: 0.044302854 | D5: 0.068994231
B6: theta | C6: 0.023765366 | D6: 0.050321208
B7: kappa | C7: 0.74646773 | D7: 0.063290281
B8: lambda | C8: -0.13679963 | D8: -0.018257452
B10: gamma | C10: =SQRT((C7+C8)^2+2*C5^2) -> 0.61287901 | D10: =SQRT((D7+D8)^2+2*D5^2) -> 0.10746331
G13: factor 1 | H13: 0.0025871718
G14: factor 2 | H14: 0.0042960915 | K14: =H13+H14 -> 0.0068832632
G15: Inst Short Rate: | I15: =H13+H14 -> 0.0068832632
K16: ytm: | L16: 0.014082932
A17: Cash-flow Time | H17: Coupon: | I17: =6.5/2 -> 3.25
A18: (Years) | B18: A1 | C18: B1 | E18: A2 | F18: B2 | H18: Cash Flow | I18: PV of Cash Flow
A19: 0.5 | B19: =((2*$C$10*EXP(0.5*($C$7+$C$8+$C$10)*A19))/(($C$7+$C$8+$C$10)*(EXP(A19*$C$10)-1)+2*$C$10))^(2*$C$7*$C$6/$C$5^2) -> 0.99799373 | C19: =(2*(EXP(A19*$C$10)-1))/((($C$7+$C$8+$C$10)*(EXP(A19*$C$10)-1))+2*$C$10) -> 0.43094895 | E19: =((2*$D$10*EXP(0.5*($D$7+$D$8+$D$10)*A19))/(($D$7+$D$8+$D$10)*(EXP(A19*$D$10)-1)+2*$D$10))^(2*$D$7*$D$6/$D$5^2) -> 0.99960498 | F19: =(2*(EXP(A19*$D$10)-1))/(($D$7+$D$8+$D$10)*(EXP(A19*$D$10)-1)+2*$D$10) -> 0.49431597 | H19: =I17 -> 3.25 | I19: =H19*B19*EXP(-C19*$H$13)*E19*EXP(-F19*$H$14) -> 3.2317153 | J19: =H19/(1+$L$16/2)^(2*A19) -> 3.2272753 | K19: Discussion: | L19: The model price is the invoice price.
A20: 1 | B20: =((2*$C$10*EXP(0.5*($C$7+$C$8+$C$10)*A20))/(($C$7+$C$8+$C$10)*(EXP(A20*$C$10)-1)+2*$C$10))^(2*$C$7*$C$6/$C$5^2) -> 0.99271575 | C20: =(2*(EXP(A20*$C$10)-1))/((($C$7+$C$8+$C$10)*(EXP(A20*$C$10)-1))+2*$C$10) -> 0.74853574 | E20: =((2*$D$10*EXP(0.5*($D$7+$D$8+$D$10)*A20))/(($D$7+$D$8+$D$10)*(EXP(A20*$D$10)-1)+2*$D$10))^(2*$D$7*$D$6/$D$5^2) -> 0.99843305 | F20: =(2*(EXP(A20*$D$10)-1))/(($D$7+$D$8+$D$10)*(EXP(A20*$D$10)-1)+2*$D$10) -> 0.97706001 | H20: =I17 -> 3.25 | I20: =H20*B20*EXP(-C20*$H$13)*E20*EXP(-F20*$H$14) -> 3.2015715 | J20: =H20/(1+$L$16/2)^(2*A20) -> 3.2047094 | L20: By contrast, market prices are quoted net of accrued interest.
A21: 1.5 | B21: =((2*$C$10*EXP(0.5*($C$7+$C$8+$C$10)*A21))/(($C$7+$C$8+$C$10)*(EXP(A21*$C$10)-1)+2*$C$10))^(2*$C$7*$C$6/$C$5^2) -> 0.98507164 | C21: =(2*(EXP(A21*$C$10)-1))/((($C$7+$C$8+$C$10)*(EXP(A21*$C$10)-1))+2*$C$10) -> 0.9825065 | E21: =((2*$D$10*EXP(0.5*($D$7+$D$8+$D$10)*A21))/(($D$7+$D$8+$D$10)*(EXP(A21*$D$10)-1)+2*$D$10))^(2*$D$7*$D$6/$D$5^2) -> 0.99650553 | F21: =(2*(EXP(A21*$D$10)-1))/(($D$7+$D$8+$D$10)*(EXP(A21*$D$10)-1)+2*$D$10) -> 1.4479617 | H21: =100+I17 -> 103.25 | I21: =H21*B21*EXP(-C21*$H$13)*E21*EXP(-F21*$H$14) -> 100.469 | J21: =H21/(1+$L$16/2)^(2*A21) -> 101.09927
F23: =SUM(I19:I21) -> 106.90229 | G23: Note Value under the 2F-CIR model. | J23: =SUM(J19:J21) -> 107.53125 | L23: =(E24-J23)^2*10000 -> 7.2701421e-23
A24: Market price of this note: | C24: (mid-point of the bid-ask spread.) | E24: ='Bloomberg Prices'!D3 -> 107.53125 | F24: =(F23-E24)^2*10000 -> 3955.9179
E25: --Note that the Bloomberg prices differ from those reported in the text. The ask looks correct (with some typos), but what Veronesi reports as the mid is actually the bid (with some typos).
B26: In a 2-factor model, neither factor is observable. Furthermore, the instantaneous risk-free rate is also not observable.
A28: Since the market price of the security exceeds the model price, if we place our faith in the model, we can sell the note and replicate it -- using model implied
B29: hedge ratios -- to make arbitrage profits.
A31: Use the 7.5 year note to replicate:
A32: Cash-flow Time | H32: Coupon: | I32: =5/2 -> 2.5 | K32: CIR | M32: ytm: | N32: 0.03653259
A33: (Years) | B33: A1 | C33: B1 | E33: A2 | F33: B2 | H33: Cash Flow | I33: PV of Cash Flow | K33: Discount
A34: 0.5 | B34: =((2*$C$10*EXP(0.5*($C$7+$C$8+$C$10)*A34))/(($C$7+$C$8+$C$10)*(EXP(A34*$C$10)-1)+2*$C$10))^(2*$C$7*$C$6/$C$5^2) -> 0.99799373 | C34: =(2*(EXP(A34*$C$10)-1))/((($C$7+$C$8+$C$10)*(EXP(A34*$C$10)-1))+2*$C$10) -> 0.43094895 | E34: =((2*$D$10*EXP(0.5*($D$7+$D$8+$D$10)*A34))/(($D$7+$D$8+$D$10)*(EXP(A34*$D$10)-1)+2*$D$10))^(2*$D$7*$D$6/$D$5^2) -> 0.99960498 | F34: =(2*(EXP(A34*$D$10)-1))/(($D$7+$D$8+$D$10)*(EXP(A34*$D$10)-1)+2*$D$10) -> 0.49431597 | H34: =$I$32 -> 2.5 | I34: =H34*B34*EXP(-C34*$H$13)*E34*EXP(-F34*$H$14) -> 2.4859348 | K34: =B34*EXP(-C34*$H$13)*E34*EXP(-F34*$H$14) -> 0.99437393 | M34: =H34/(1+$N$32/2)^(A34*2) -> 2.4551534
A35: 1 | B35: =((2*$C$10*EXP(0.5*($C$7+$C$8+$C$10)*A35))/(($C$7+$C$8+$C$10)*(EXP(A35*$C$10)-1)+2*$C$10))^(2*$C$7*$C$6/$C$5^2) -> 0.99271575 | C35: =(2*(EXP(A35*$C$10)-1))/((($C$7+$C$8+$C$10)*(EXP(A35*$C$10)-1))+2*$C$10) -> 0.74853574 | E35: =((2*$D$10*EXP(0.5*($D$7+$D$8+$D$10)*A35))/(($D$7+$D$8+$D$10)*(EXP(A35*$D$10)-1)+2*$D$10))^(2*$D$7*$D$6/$D$5^2) -> 0.99843305 | F35: =(2*(EXP(A35*$D$10)-1))/(($D$7+$D$8+$D$10)*(EXP(A35*$D$10)-1)+2*$D$10) -> 0.97706001 | H35: =$I$32 -> 2.5 | I35: =H35*B35*EXP(-C35*$H$13)*E35*EXP(-F35*$H$14) -> 2.4627473 | K35: =B35*EXP(-C35*$H$13)*E35*EXP(-F35*$H$14) -> 0.98509892 | M35: =H35/(1+$N$32/2)^(A35*2) -> 2.4111114
A36: 1.5 | B36: =((2*$C$10*EXP(0.5*($C$7+$C$8+$C$10)*A36))/(($C$7+$C$8+$C$10)*(EXP(A36*$C$10)-1)+2*$C$10))^(2*$C$7*$C$6/$C$5^2) -> 0.98507164 | C36: =(2*(EXP(A36*$C$10)-1))/((($C$7+$C$8+$C$10)*(EXP(A36*$C$10)-1))+2*$C$10) -> 0.9825065 | E36: =((2*$D$10*EXP(0.5*($D$7+$D$8+$D$10)*A36))/(($D$7+$D$8+$D$10)*(EXP(A36*$D$10)-1)+2*$D$10))^(2*$D$7*$D$6/$D$5^2) -> 0.99650553 | F36: =(2*(EXP(A36*$D$10)-1))/(($D$7+$D$8+$D$10)*(EXP(A36*$D$10)-1)+2*$D$10) -> 1.4479617 | H36: =$I$32 -> 2.5 | I36: =H36*B36*EXP(-C36*$H$13)*E36*EXP(-F36*$H$14) -> 2.4326635 | K36: =B36*EXP(-C36*$H$13)*E36*EXP(-F36*$H$14) -> 0.9730654 | M36: =H36/(1+$N$32/2)^(A36*2) -> 2.3678594
A37: 2 | B37: =((2*$C$10*EXP(0.5*($C$7+$C$8+$C$10)*A37))/(($C$7+$C$8+$C$10)*(EXP(A37*$C$10)-1)+2*$C$10))^(2*$C$7*$C$6/$C$5^2) -> 0.97574015 | C37: =(2*(EXP(A37*$C$10)-1))/((($C$7+$C$8+$C$10)*(EXP(A37*$C$10)-1))+2*$C$10) -> 1.1548359 | E37: =((2*$D$10*EXP(0.5*($D$7+$D$8+$D$10)*A37))/(($D$7+$D$8+$D$10)*(EXP(A37*$D$10)-1)+2*$D$10))^(2*$D$7*$D$6/$D$5^2) -> 0.99384571 | F37: =(2*(EXP(A37*$D$10)-1))/(($D$7+$D$8+$D$10)*(EXP(A37*$D$10)-1)+2*$D$10) -> 1.9067971 | H37: =$I$32 -> 2.5 | I37: =H37*B37*EXP(-C37*$H$13)*E37*EXP(-F37*$H$14) -> 2.3973859 | K37: =B37*EXP(-C37*$H$13)*E37*EXP(-F37*$H$14) -> 0.95895436 | M37: =H37/(1+$N$32/2)^(A37*2) -> 2.3253832
A38: 2.5 | B38: =((2*$C$10*EXP(0.5*($C$7+$C$8+$C$10)*A38))/(($C$7+$C$8+$C$10)*(EXP(A38*$C$10)-1)+2*$C$10))^(2*$C$7*$C$6/$C$5^2) -> 0.96522514 | C38: =(2*(EXP(A38*$C$10)-1))/((($C$7+$C$8+$C$10)*(EXP(A38*$C$10)-1))+2*$C$10) -> 1.2817421 | E38: =((2*$D$10*EXP(0.5*($D$7+$D$8+$D$10)*A38))/(($D$7+$D$8+$D$10)*(EXP(A38*$D$10)-1)+2*$D$10))^(2*$D$7*$D$6/$D$5^2) -> 0.99047868 | F38: =(2*(EXP(A38*$D$10)-1))/(($D$7+$D$8+$D$10)*(EXP(A38*$D$10)-1)+2*$D$10) -> 2.3533873 | H38: =$I$32 -> 2.5 | I38: =H38*B38*EXP(-C38*$H$13)*E38*EXP(-F38*$H$14) -> 2.3582114 | K38: =B38*EXP(-C38*$H$13)*E38*EXP(-F38*$H$14) -> 0.94328455 | M38: =H38/(1+$N$32/2)^(A38*2) -> 2.283669
A39: 3 | B39: =((2*$C$10*EXP(0.5*($C$7+$C$8+$C$10)*A39))/(($C$7+$C$8+$C$10)*(EXP(A39*$C$10)-1)+2*$C$10))^(2*$C$7*$C$6/$C$5^2) -> 0.95389799 | C39: =(2*(EXP(A39*$C$10)-1))/((($C$7+$C$8+$C$10)*(EXP(A39*$C$10)-1))+2*$C$10) -> 1.375186 | E39: =((2*$D$10*EXP(0.5*($D$7+$D$8+$D$10)*A39))/(($D$7+$D$8+$D$10)*(EXP(A39*$D$10)-1)+2*$D$10))^(2*$D$7*$D$6/$D$5^2) -> 0.986431 | F39: =(2*(EXP(A39*$D$10)-1))/(($D$7+$D$8+$D$10)*(EXP(A39*$D$10)-1)+2*$D$10) -> 2.7875975 | H39: =$I$32 -> 2.5 | I39: =H39*B39*EXP(-C39*$H$13)*E39*EXP(-F39*$H$14) -> 2.3161277 | K39: =B39*EXP(-C39*$H$13)*E39*EXP(-F39*$H$14) -> 0.92645106 | M39: =H39/(1+$N$32/2)^(A39*2) -> 2.2427032
A40: 3.5 | B40: =((2*$C$10*EXP(0.5*($C$7+$C$8+$C$10)*A40))/(($C$7+$C$8+$C$10)*(EXP(A40*$C$10)-1)+2*$C$10))^(2*$C$7*$C$6/$C$5^2) -> 0.94203093 | C40: =(2*(EXP(A40*$C$10)-1))/((($C$7+$C$8+$C$10)*(EXP(A40*$C$10)-1))+2*$C$10) -> 1.4439845 | E40: =((2*$D$10*EXP(0.5*($D$7+$D$8+$D$10)*A40))/(($D$7+$D$8+$D$10)*(EXP(A40*$D$10)-1)+2*$D$10))^(2*$D$7*$D$6/$D$5^2) -> 0.98173057 | F40: =(2*(EXP(A40*$D$10)-1))/(($D$7+$D$8+$D$10)*(EXP(A40*$D$10)-1)+2*$D$10) -> 3.2093347 | H40: =$I$32 -> 2.5 | I40: =H40*B40*EXP(-C40*$H$13)*E40*EXP(-F40*$H$14) -> 2.2718892 | K40: =B40*EXP(-C40*$H$13)*E40*EXP(-F40*$H$14) -> 0.9087557 | M40: =H40/(1+$N$32/2)^(A40*2) -> 2.2024722
A41: 4 | B41: =((2*$C$10*EXP(0.5*($C$7+$C$8+$C$10)*A41))/(($C$7+$C$8+$C$10)*(EXP(A41*$C$10)-1)+2*$C$10))^(2*$C$7*$C$6/$C$5^2) -> 0.92982262 | C41: =(2*(EXP(A41*$C$10)-1))/((($C$7+$C$8+$C$10)*(EXP(A41*$C$10)-1))+2*$C$10) -> 1.4946342 | E41: =((2*$D$10*EXP(0.5*($D$7+$D$8+$D$10)*A41))/(($D$7+$D$8+$D$10)*(EXP(A41*$D$10)-1)+2*$D$10))^(2*$D$7*$D$6/$D$5^2) -> 0.97640631 | F41: =(2*(EXP(A41*$D$10)-1))/(($D$7+$D$8+$D$10)*(EXP(A41*$D$10)-1)+2*$D$10) -> 3.6185464 | H41: =$I$32 -> 2.5 | I41: =H41*B41*EXP(-C41*$H$13)*E41*EXP(-F41*$H$14) -> 2.2260758 | K41: =B41*EXP(-C41*$H$13)*E41*EXP(-F41*$H$14) -> 0.89043034 | M41: =H41/(1+$N$32/2)^(A41*2) -> 2.1629628
A42: 4.5 | B42: =((2*$C$10*EXP(0.5*($C$7+$C$8+$C$10)*A42))/(($C$7+$C$8+$C$10)*(EXP(A42*$C$10)-1)+2*$C$10))^(2*$C$7*$C$6/$C$5^2) -> 0.91741742 | C42: =(2*(EXP(A42*$C$10)-1))/((($C$7+$C$8+$C$10)*(EXP(A42*$C$10)-1))+2*$C$10) -> 1.5319209 | E42: =((2*$D$10*EXP(0.5*($D$7+$D$8+$D$10)*A42))/(($D$7+$D$8+$D$10)*(EXP(A42*$D$10)-1)+2*$D$10))^(2*$D$7*$D$6/$D$5^2) -> 0.97048801 | F42: =(2*(EXP(A42*$D$10)-1))/(($D$7+$D$8+$D$10)*(EXP(A42*$D$10)-1)+2*$D$10) -> 4.0152179 | H42: =$I$32 -> 2.5 | I42: =H42*B42*EXP(-C42*$H$13)*E42*EXP(-F42*$H$14) -> 2.1791365 | K42: =B42*EXP(-C42*$H$13)*E42*EXP(-F42*$H$14) -> 0.87165461 | M42: =H42/(1+$N$32/2)^(A42*2) -> 2.1241623
A43: 5 | B43: =((2*$C$10*EXP(0.5*($C$7+$C$8+$C$10)*A43))/(($C$7+$C$8+$C$10)*(EXP(A43*$C$10)-1)+2*$C$10))^(2*$C$7*$C$6/$C$5^2) -> 0.9049199 | C43: =(2*(EXP(A43*$C$10)-1))/((($C$7+$C$8+$C$10)*(EXP(A43*$C$10)-1))+2*$C$10) -> 1.559369 | E43: =((2*$D$10*EXP(0.5*($D$7+$D$8+$D$10)*A43))/(($D$7+$D$8+$D$10)*(EXP(A43*$D$10)-1)+2*$D$10))^(2*$D$7*$D$6/$D$5^2) -> 0.96400608 | F43: =(2*(EXP(A43*$D$10)-1))/(($D$7+$D$8+$D$10)*(EXP(A43*$D$10)-1)+2*$D$10) -> 4.3993707 | H43: =$I$32 -> 2.5 | I43: =H43*B43*EXP(-C43*$H$13)*E43*EXP(-F43*$H$14) -> 2.1314228 | K43: =B43*EXP(-C43*$H$13)*E43*EXP(-F43*$H$14) -> 0.85256914 | M43: =H43/(1+$N$32/2)^(A43*2) -> 2.0860577
A44: 5.5 | B44: =((2*$C$10*EXP(0.5*($C$7+$C$8+$C$10)*A44))/(($C$7+$C$8+$C$10)*(EXP(A44*$C$10)-1)+2*$C$10))^(2*$C$7*$C$6/$C$5^2) -> 0.89240547 | C44: =(2*(EXP(A44*$C$10)-1))/((($C$7+$C$8+$C$10)*(EXP(A44*$C$10)-1))+2*$C$10) -> 1.5795742 | E44: =((2*$D$10*EXP(0.5*($D$7+$D$8+$D$10)*A44))/(($D$7+$D$8+$D$10)*(EXP(A44*$D$10)-1)+2*$D$10))^(2*$D$7*$D$6/$D$5^2) -> 0.95699136 | F44: =(2*(EXP(A44*$D$10)-1))/(($D$7+$D$8+$D$10)*(EXP(A44*$D$10)-1)+2*$D$10) -> 4.7710599 | H44: =$I$32 -> 2.5 | I44: =H44*B44*EXP(-C44*$H$13)*E44*EXP(-F44*$H$14) -> 2.0832134 | K44: =B44*EXP(-C44*$H$13)*E44*EXP(-F44*$H$14) -> 0.83328534 | M44: =H44/(1+$N$32/2)^(A44*2) -> 2.0486367
A45: 6 | B45: =((2*$C$10*EXP(0.5*($C$7+$C$8+$C$10)*A45))/(($C$7+$C$8+$C$10)*(EXP(A45*$C$10)-1)+2*$C$10))^(2*$C$7*$C$6/$C$5^2) -> 0.87992826 | C45: =(2*(EXP(A45*$C$10)-1))/((($C$7+$C$8+$C$10)*(EXP(A45*$C$10)-1))+2*$C$10) -> 1.5944472 | E45: =((2*$D$10*EXP(0.5*($D$7+$D$8+$D$10)*A45))/(($D$7+$D$8+$D$10)*(EXP(A45*$D$10)-1)+2*$D$10))^(2*$D$7*$D$6/$D$5^2) -> 0.9494749 | F45: =(2*(EXP(A45*$D$10)-1))/(($D$7+$D$8+$D$10)*(EXP(A45*$D$10)-1)+2*$D$10) -> 5.1303718 | H45: =$I$32 -> 2.5 | I45: =H45*B45*EXP(-C45*$H$13)*E45*EXP(-F45*$H$14) -> 2.0347318 | K45: =B45*EXP(-C45*$H$13)*E45*EXP(-F45*$H$14) -> 0.8138927 | M45: =H45/(1+$N$32/2)^(A45*2) -> 2.011887
... A47: 7 | B47: =((2*$C$10*EXP(0.5*($C$7+$C$8+$C$10)*A47))/(($C$7+$C$8+$C$10)*(EXP(A47*$C$10)-1)+2*$C$10))^(2*$C$7*$C$6/$C$5^2) -> 0.85522882 | C47: =(2*(EXP(A47*$C$10)-1))/((($C$7+$C$8+$C$10)*(EXP(A47*$C$10)-1))+2*$C$10) -> 1.6134539 | E47: =((2*$D$10*EXP(0.5*($D$7+$D$8+$D$10)*A47))/(($D$7+$D$8+$D$10)*(EXP(A47*$D$10)-1)+2*$D$10))^(2*$D$7*$D$6/$D$5^2) -> 0.93306121 | F47: =(2*(EXP(A47*$D$10)-1))/(($D$7+$D$8+$D$10)*(EXP(A47*$D$10)-1)+2*$D$10) -> 5.8123513 | H47: =$I$32 -> 2.5 | I47: =H47*B47*EXP(-C47*$H$13)*E47*EXP(-F47*$H$14) -> 1.9376489 | K47: =B47*EXP(-C47*$H$13)*E47*EXP(-F47*$H$14) -> 0.77505958 | M47: =H47/(1+$N$32/2)^(A47*2) -> 1.9403534
A48: 7.5 | B48: =((2*$C$10*EXP(0.5*($C$7+$C$8+$C$10)*A48))/(($C$7+$C$8+$C$10)*(EXP(A48*$C$10)-1)+2*$C$10))^(2*$C$7*$C$6/$C$5^2) -> 0.84305315 | C48: =(2*(EXP(A48*$C$10)-1))/((($C$7+$C$8+$C$10)*(EXP(A48*$C$10)-1))+2*$C$10) -> 1.6193857 | E48: =((2*$D$10*EXP(0.5*($D$7+$D$8+$D$10)*A48))/(($D$7+$D$8+$D$10)*(EXP(A48*$D$10)-1)+2*$D$10))^(2*$D$7*$D$6/$D$5^2) -> 0.92422575 | F48: =(2*(EXP(A48*$D$10)-1))/(($D$7+$D$8+$D$10)*(EXP(A48*$D$10)-1)+2*$D$10) -> 6.1353261 | H48: =100+I32 -> 102.5 | I48: =H48*B48*EXP(-C48*$H$13)*E48*EXP(-F48*$H$14) -> 77.462276 | K48: =B48*EXP(-C48*$H$13)*E48*EXP(-F48*$H$14) -> 0.75572952 | M48: =H48/(1+$N$32/2)^(A48*2) -> 78.127393
I50: =SUM(I34:I48) -> 108.76562 | M50: =SUM(M34:M48) -> 108.7656
G51: This note's market price: | I51: ='Bloomberg Prices'!I3 -> 108.76562 | J51: =(I50-I51)^2*10000 -> 9.3380936e-21 | M51: =(M50-I51)^2*10000 -> 5.4454866e-06
K52: =F24+J51 -> 3955.9179
A55: 19-year Bond
A56: Cash-flow Time | H56: Coupon: | I56: =7.125/2 -> 3.5625 | K56: CIR | M56: ytm: | N56: 0.048642127
A57: (Years) | B57: A1 | C57: B1 | E57: A2 | F57: B2 | H57: Cash Flow | I57: PV of Cash Flow | K57: Discount
A58: 0.5 | B58: =((2*$C$10*EXP(0.5*($C$7+$C$8+$C$10)*A58))/(($C$7+$C$8+$C$10)*(EXP(A58*$C$10)-1)+2*$C$10))^(2*$C$7*$C$6/$C$5^2) -> 0.99799373 | C58: =(2*(EXP(A58*$C$10)-1))/((($C$7+$C$8+$C$10)*(EXP(A58*$C$10)-1))+2*$C$10) -> 0.43094895 | E58: =((2*$D$10*EXP(0.5*($D$7+$D$8+$D$10)*A58))/(($D$7+$D$8+$D$10)*(EXP(A58*$D$10)-1)+2*$D$10))^(2*$D$7*$D$6/$D$5^2) -> 0.99960498 | F58: =(2*(EXP(A58*$D$10)-1))/(($D$7+$D$8+$D$10)*(EXP(A58*$D$10)-1)+2*$D$10) -> 0.49431597 | H58: =$I$56 -> 3.5625 | I58: =H58*B58*EXP(-C58*$H$13)*E58*EXP(-F58*$H$14) -> 3.5424571 | K58: =B58*EXP(-C58*$H$13)*E58*EXP(-F58*$H$14) -> 0.99437393 | M58: =H58/(1+$N$56/2)^(2*A58) -> 3.4779134
A59: 1 | B59: =((2*$C$10*EXP(0.5*($C$7+$C$8+$C$10)*A59))/(($C$7+$C$8+$C$10)*(EXP(A59*$C$10)-1)+2*$C$10))^(2*$C$7*$C$6/$C$5^2) -> 0.99271575 | C59: =(2*(EXP(A59*$C$10)-1))/((($C$7+$C$8+$C$10)*(EXP(A59*$C$10)-1))+2*$C$10) -> 0.74853574 | E59: =((2*$D$10*EXP(0.5*($D$7+$D$8+$D$10)*A59))/(($D$7+$D$8+$D$10)*(EXP(A59*$D$10)-1)+2*$D$10))^(2*$D$7*$D$6/$D$5^2) -> 0.99843305 | F59: =(2*(EXP(A59*$D$10)-1))/(($D$7+$D$8+$D$10)*(EXP(A59*$D$10)-1)+2*$D$10) -> 0.97706001 | H59: =$I$56 -> 3.5625 | I59: =H59*B59*EXP(-C59*$H$13)*E59*EXP(-F59*$H$14) -> 3.5094149 | K59: =B59*EXP(-C59*$H$13)*E59*EXP(-F59*$H$14) -> 0.98509892 | M59: =H59/(1+$N$56/2)^(2*A59) -> 3.3953353
A60: 1.5 | B60: =((2*$C$10*EXP(0.5*($C$7+$C$8+$C$10)*A60))/(($C$7+$C$8+$C$10)*(EXP(A60*$C$10)-1)+2*$C$10))^(2*$C$7*$C$6/$C$5^2) -> 0.98507164 | C60: =(2*(EXP(A60*$C$10)-1))/((($C$7+$C$8+$C$10)*(EXP(A60*$C$10)-1))+2*$C$10) -> 0.9825065 | E60: =((2*$D$10*EXP(0.5*($D$7+$D$8+$D$10)*A60))/(($D$7+$D$8+$D$10)*(EXP(A60*$D$10)-1)+2*$D$10))^(2*$D$7*$D$6/$D$5^2) -> 0.99650553 | F60: =(2*(EXP(A60*$D$10)-1))/(($D$7+$D$8+$D$10)*(EXP(A60*$D$10)-1)+2*$D$10) -> 1.4479617 | H60: =$I$56 -> 3.5625 | I60: =H60*B60*EXP(-C60*$H$13)*E60*EXP(-F60*$H$14) -> 3.4665455 | K60: =B60*EXP(-C60*$H$13)*E60*EXP(-F60*$H$14) -> 0.9730654 | M60: =H60/(1+$N$56/2)^(2*A60) -> 3.3147178
A61: 2 | B61: =((2*$C$10*EXP(0.5*($C$7+$C$8+$C$10)*A61))/(($C$7+$C$8+$C$10)*(EXP(A61*$C$10)-1)+2*$C$10))^(2*$C$7*$C$6/$C$5^2) -> 0.97574015 | C61: =(2*(EXP(A61*$C$10)-1))/((($C$7+$C$8+$C$10)*(EXP(A61*$C$10)-1))+2*$C$10) -> 1.1548359 | E61: =((2*$D$10*EXP(0.5*($D$7+$D$8+$D$10)*A61))/(($D$7+$D$8+$D$10)*(EXP(A61*$D$10)-1)+2*$D$10))^(2*$D$7*$D$6/$D$5^2) -> 0.99384571 | F61: =(2*(EXP(A61*$D$10)-1))/(($D$7+$D$8+$D$10)*(EXP(A61*$D$10)-1)+2*$D$10) -> 1.9067971 | H61: =$I$56 -> 3.5625 | I61: =H61*B61*EXP(-C61*$H$13)*E61*EXP(-F61*$H$14) -> 3.4162749 | K61: =B61*EXP(-C61*$H$13)*E61*EXP(-F61*$H$14) -> 0.95895436 | M61: =H61/(1+$N$56/2)^(2*A61) -> 3.2360145
A62: 2.5 | B62: =((2*$C$10*EXP(0.5*($C$7+$C$8+$C$10)*A62))/(($C$7+$C$8+$C$10)*(EXP(A62*$C$10)-1)+2*$C$10))^(2*$C$7*$C$6/$C$5^2) -> 0.96522514 | C62: =(2*(EXP(A62*$C$10)-1))/((($C$7+$C$8+$C$10)*(EXP(A62*$C$10)-1))+2*$C$10) -> 1.2817421 | E62: =((2*$D$10*EXP(0.5*($D$7+$D$8+$D$10)*A62))/(($D$7+$D$8+$D$10)*(EXP(A62*$D$10)-1)+2*$D$10))^(2*$D$7*$D$6/$D$5^2) -> 0.99047868 | F62: =(2*(EXP(A62*$D$10)-1))/(($D$7+$D$8+$D$10)*(EXP(A62*$D$10)-1)+2*$D$10) -> 2.3533873 | H62: =$I$56 -> 3.5625 | I62: =H62*B62*EXP(-C62*$H$13)*E62*EXP(-F62*$H$14) -> 3.3604512 | K62: =B62*EXP(-C62*$H$13)*E62*EXP(-F62*$H$14) -> 0.94328455 | M62: =H62/(1+$N$56/2)^(2*A62) -> 3.1591799
A63: 3 | B63: =((2*$C$10*EXP(0.5*($C$7+$C$8+$C$10)*A63))/(($C$7+$C$8+$C$10)*(EXP(A63*$C$10)-1)+2*$C$10))^(2*$C$7*$C$6/$C$5^2) -> 0.95389799 | C63: =(2*(EXP(A63*$C$10)-1))/((($C$7+$C$8+$C$10)*(EXP(A63*$C$10)-1))+2*$C$10) -> 1.375186 | E63: =((2*$D$10*EXP(0.5*($D$7+$D$8+$D$10)*A63))/(($D$7+$D$8+$D$10)*(EXP(A63*$D$10)-1)+2*$D$10))^(2*$D$7*$D$6/$D$5^2) -> 0.986431 | F63: =(2*(EXP(A63*$D$10)-1))/(($D$7+$D$8+$D$10)*(EXP(A63*$D$10)-1)+2*$D$10) -> 2.7875975 | H63: =$I$56 -> 3.5625 | I63: =H63*B63*EXP(-C63*$H$13)*E63*EXP(-F63*$H$14) -> 3.3004819 | K63: =B63*EXP(-C63*$H$13)*E63*EXP(-F63*$H$14) -> 0.92645106 | M63: =H63/(1+$N$56/2)^(2*A63) -> 3.0841696
A64: 3.5 | B64: =((2*$C$10*EXP(0.5*($C$7+$C$8+$C$10)*A64))/(($C$7+$C$8+$C$10)*(EXP(A64*$C$10)-1)+2*$C$10))^(2*$C$7*$C$6/$C$5^2) -> 0.94203093 | C64: =(2*(EXP(A64*$C$10)-1))/((($C$7+$C$8+$C$10)*(EXP(A64*$C$10)-1))+2*$C$10) -> 1.4439845 | E64: =((2*$D$10*EXP(0.5*($D$7+$D$8+$D$10)*A64))/(($D$7+$D$8+$D$10)*(EXP(A64*$D$10)-1)+2*$D$10))^(2*$D$7*$D$6/$D$5^2) -> 0.98173057 | F64: =(2*(EXP(A64*$D$10)-1))/(($D$7+$D$8+$D$10)*(EXP(A64*$D$10)-1)+2*$D$10) -> 3.2093347 | H64: =$I$56 -> 3.5625 | I64: =H64*B64*EXP(-C64*$H$13)*E64*EXP(-F64*$H$14) -> 3.2374422 | K64: =B64*EXP(-C64*$H$13)*E64*EXP(-F64*$H$14) -> 0.9087557 | M64: =H64/(1+$N$56/2)^(2*A64) -> 3.0109403
A65: 4 | B65: =((2*$C$10*EXP(0.5*($C$7+$C$8+$C$10)*A65))/(($C$7+$C$8+$C$10)*(EXP(A65*$C$10)-1)+2*$C$10))^(2*$C$7*$C$6/$C$5^2) -> 0.92982262 | C65: =(2*(EXP(A65*$C$10)-1))/((($C$7+$C$8+$C$10)*(EXP(A65*$C$10)-1))+2*$C$10) -> 1.4946342 | E65: =((2*$D$10*EXP(0.5*($D$7+$D$8+$D$10)*A65))/(($D$7+$D$8+$D$10)*(EXP(A65*$D$10)-1)+2*$D$10))^(2*$D$7*$D$6/$D$5^2) -> 0.97640631 | F65: =(2*(EXP(A65*$D$10)-1))/(($D$7+$D$8+$D$10)*(EXP(A65*$D$10)-1)+2*$D$10) -> 3.6185464 | H65: =$I$56 -> 3.5625 | I65: =H65*B65*EXP(-C65*$H$13)*E65*EXP(-F65*$H$14) -> 3.1721581 | K65: =B65*EXP(-C65*$H$13)*E65*EXP(-F65*$H$14) -> 0.89043034 | M65: =H65/(1+$N$56/2)^(2*A65) -> 2.9394498
A66: 4.5 | B66: =((2*$C$10*EXP(0.5*($C$7+$C$8+$C$10)*A66))/(($C$7+$C$8+$C$10)*(EXP(A66*$C$10)-1)+2*$C$10))^(2*$C$7*$C$6/$C$5^2) -> 0.91741742 | C66: =(2*(EXP(A66*$C$10)-1))/((($C$7+$C$8+$C$10)*(EXP(A66*$C$10)-1))+2*$C$10) -> 1.5319209 | E66: =((2*$D$10*EXP(0.5*($D$7+$D$8+$D$10)*A66))/(($D$7+$D$8+$D$10)*(EXP(A66*$D$10)-1)+2*$D$10))^(2*$D$7*$D$6/$D$5^2) -> 0.97048801 | F66: =(2*(EXP(A66*$D$10)-1))/(($D$7+$D$8+$D$10)*(EXP(A66*$D$10)-1)+2*$D$10) -> 4.0152179 | H66: =$I$56 -> 3.5625 | I66: =H66*B66*EXP(-C66*$H$13)*E66*EXP(-F66*$H$14) -> 3.1052696 | K66: =B66*EXP(-C66*$H$13)*E66*EXP(-F66*$H$14) -> 0.87165461 | M66: =H66/(1+$N$56/2)^(2*A66) -> 2.8696567
A67: 5 | B67: =((2*$C$10*EXP(0.5*($C$7+$C$8+$C$10)*A67))/(($C$7+$C$8+$C$10)*(EXP(A67*$C$10)-1)+2*$C$10))^(2*$C$7*$C$6/$C$5^2) -> 0.9049199 | C67: =(2*(EXP(A67*$C$10)-1))/((($C$7+$C$8+$C$10)*(EXP(A67*$C$10)-1))+2*$C$10) -> 1.559369 | E67: =((2*$D$10*EXP(0.5*($D$7+$D$8+$D$10)*A67))/(($D$7+$D$8+$D$10)*(EXP(A67*$D$10)-1)+2*$D$10))^(2*$D$7*$D$6/$D$5^2) -> 0.96400608 | F67: =(2*(EXP(A67*$D$10)-1))/(($D$7+$D$8+$D$10)*(EXP(A67*$D$10)-1)+2*$D$10) -> 4.3993707 | H67: =$I$56 -> 3.5625 | I67: =H67*B67*EXP(-C67*$H$13)*E67*EXP(-F67*$H$14) -> 3.0372776 | K67: =B67*EXP(-C67*$H$13)*E67*EXP(-F67*$H$14) -> 0.85256914 | M67: =H67/(1+$N$56/2)^(2*A67) -> 2.8015207
A68: 5.5 | B68: =((2*$C$10*EXP(0.5*($C$7+$C$8+$C$10)*A68))/(($C$7+$C$8+$C$10)*(EXP(A68*$C$10)-1)+2*$C$10))^(2*$C$7*$C$6/$C$5^2) -> 0.89240547 | C68: =(2*(EXP(A68*$C$10)-1))/((($C$7+$C$8+$C$10)*(EXP(A68*$C$10)-1))+2*$C$10) -> 1.5795742 | E68: =((2*$D$10*EXP(0.5*($D$7+$D$8+$D$10)*A68))/(($D$7+$D$8+$D$10)*(EXP(A68*$D$10)-1)+2*$D$10))^(2*$D$7*$D$6/$D$5^2) -> 0.95699136 | F68: =(2*(EXP(A68*$D$10)-1))/(($D$7+$D$8+$D$10)*(EXP(A68*$D$10)-1)+2*$D$10) -> 4.7710599 | H68: =$I$56 -> 3.5625 | I68: =H68*B68*EXP(-C68*$H$13)*E68*EXP(-F68*$H$14) -> 2.968579 | K68: =B68*EXP(-C68*$H$13)*E68*EXP(-F68*$H$14) -> 0.83328534 | M68: =H68/(1+$N$56/2)^(2*A68) -> 2.7350026
A69: 6 | B69: =((2*$C$10*EXP(0.5*($C$7+$C$8+$C$10)*A69))/(($C$7+$C$8+$C$10)*(EXP(A69*$C$10)-1)+2*$C$10))^(2*$C$7*$C$6/$C$5^2) -> 0.87992826 | C69: =(2*(EXP(A69*$C$10)-1))/((($C$7+$C$8+$C$10)*(EXP(A69*$C$10)-1))+2*$C$10) -> 1.5944472 | E69: =((2*$D$10*EXP(0.5*($D$7+$D$8+$D$10)*A69))/(($D$7+$D$8+$D$10)*(EXP(A69*$D$10)-1)+2*$D$10))^(2*$D$7*$D$6/$D$5^2) -> 0.9494749 | F69: =(2*(EXP(A69*$D$10)-1))/(($D$7+$D$8+$D$10)*(EXP(A69*$D$10)-1)+2*$D$10) -> 5.1303718 | H69: =$I$56 -> 3.5625 | I69: =H69*B69*EXP(-C69*$H$13)*E69*EXP(-F69*$H$14) -> 2.8994928 | K69: =B69*EXP(-C69*$H$13)*E69*EXP(-F69*$H$14) -> 0.8138927 | M69: =H69/(1+$N$56/2)^(2*A69) -> 2.6700638
... A94: 18.5 | B94: =((2*$C$10*EXP(0.5*($C$7+$C$8+$C$10)*A94))/(($C$7+$C$8+$C$10)*(EXP(A94*$C$10)-1)+2*$C$10))^(2*$C$7*$C$6/$C$5^2) -> 0.61294287 | C94: =(2*(EXP(A94*$C$10)-1))/((($C$7+$C$8+$C$10)*(EXP(A94*$C$10)-1))+2*$C$10) -> 1.6359092 | E94: =((2*$D$10*EXP(0.5*($D$7+$D$8+$D$10)*A94))/(($D$7+$D$8+$D$10)*(EXP(A94*$D$10)-1)+2*$D$10))^(2*$D$7*$D$6/$D$5^2) -> 0.67939513 | F94: =(2*(EXP(A94*$D$10)-1))/(($D$7+$D$8+$D$10)*(EXP(A94*$D$10)-1)+2*$D$10) -> 10.717901 | H94: =$I$56 -> 3.5625 | I94: =H94*B94*EXP(-C94*$H$13)*E94*EXP(-F94*$H$14) -> 1.410789 | K94: =B94*EXP(-C94*$H$13)*E94*EXP(-F94*$H$14) -> 0.39601096 | M94: =H94/(1+$N$56/2)^(2*A94) -> 1.4642629
A95: 19 | B95: =((2*$C$10*EXP(0.5*($C$7+$C$8+$C$10)*A95))/(($C$7+$C$8+$C$10)*(EXP(A95*$C$10)-1)+2*$C$10))^(2*$C$7*$C$6/$C$5^2) -> 0.60411291 | C95: =(2*(EXP(A95*$C$10)-1))/((($C$7+$C$8+$C$10)*(EXP(A95*$C$10)-1))+2*$C$10) -> 1.6359144 | E95: =((2*$D$10*EXP(0.5*($D$7+$D$8+$D$10)*A95))/(($D$7+$D$8+$D$10)*(EXP(A95*$D$10)-1)+2*$D$10))^(2*$D$7*$D$6/$D$5^2) -> 0.66783417 | F95: =(2*(EXP(A95*$D$10)-1))/(($D$7+$D$8+$D$10)*(EXP(A95*$D$10)-1)+2*$D$10) -> 10.836979 | H95: =100+$I$56 -> 103.5625 | I95: =H95*B95*EXP(-C95*$H$13)*E95*EXP(-F95*$H$14) -> 39.712926 | K95: =B95*EXP(-C95*$H$13)*E95*EXP(-F95*$H$14) -> 0.3834682 | M95: =H95/(1+$N$56/2)^(2*A95) -> 41.5557
G97: Model Price: | I97: =SUM(I58:I95) -> 130.52248 | M97: =SUM(M58:M95) -> 127.82812 | O97: =(I98-M97)^2*10000 -> 1.9266301e-14
G98: Market Price: | I98: ='Bloomberg Prices'!N3 -> 127.82812
J99: =(I97-I98)^2*10000 -> 72595.571 | M99: =F24+J51+J99 -> 76551.489
A100: We have a 2-factor model, so we should be able to hedge against changes in the slope of the yield curve.
A101: Let's put on a relative value trade that is also long convexity. We short the 7.5-year note and buy the 1.5- and 19-year notes.
A104: To do this, we need both delta of all 3 notes.
B105: Delta is the change in the value of the security given a small change in the state variable.
B106: A nice feature of the affine models is that the delta is a linear expression .
A107: Delta of the 1.5-year note: | D107: Delta of the 1.5-year note: | G107: Delta of the 7.5 year note: | J107: Delta of the 7.5 year note: | M107: Delta of the 19-year note: | P107: Delta of the 19-year note:
A108: wrt Factor 1 | D108: wrt Factor 2 | G108: wrt Factor 1 | J108: wrt Factor 2 | M108: wrt Factor 1 | P108: wrt Factor 1
A109: =-C19*H19*K58 -> -1.3927043 | D109: =-F19*H19*K58 -> -1.5974885 | G109: =-H34*C34*K34 -> -1.071311 | J109: =-H34*F34*K34 -> -1.2288373 | M109: =-H58*C58*K58 -> -1.5266182 | P109: =-H58*F58*K58 -> -1.7510931
A110: =-C20*H20*K59 -> -2.3964907 | D110: =-F20*H20*K59 -> -3.1281274 | G110: =-H35*C35*K35 -> -1.8434544 | J110: =-H35*F35*K35 -> -2.4062519 | M110: =-H59*C59*K59 -> -2.6269225 | P110: =-H59*F59*K59 -> -3.4289089
A111: =-C21*H21*K60 -> -98.711448 | D111: =-F21*H21*K60 -> -145.47527 | G111: =-H36*C36*K36 -> -2.3901077 | J111: =-H36*F36*K36 -> -3.5224036 | M111: =-H60*C60*K60 -> -3.4059035 | P111: =-H60*F60*K60 -> -5.0194251
A112: =SUM(A109:A111) -> -102.50064 | D112: =SUM(D109:D111) -> -150.20088 | G112: =-H37*C37*K37 -> -2.7685874 | J112: =-H37*F37*K37 -> -4.5713283 | M112: =-H61*C61*K61 -> -3.945237 | P112: =-H61*F61*K61 -> -6.5141429
G113: =-H38*C38*K38 -> -3.0226188 | J113: =-H38*F38*K38 -> -5.5497847 | M113: =-H62*C62*K62 -> -4.3072318 | P113: =-H62*F62*K62 -> -7.9084432
G114: =-H39*C39*K39 -> -3.1851064 | J114: =-H39*F39*K39 -> -6.4564316 | M114: =-H63*C63*K63 -> -4.5387766 | P114: =-H63*F63*K63 -> -9.200415
G115: =-H40*C40*K40 -> -3.2805729 | J115: =-H40*F40*K40 -> -7.291253 | M115: =-H64*C64*K64 -> -4.6748164 | P115: =-H64*F64*K64 -> -10.390036
G116: =-H41*C41*K41 -> -3.3271692 | J116: =-H41*F41*K41 -> -8.0551586 | M116: =-H65*C65*K65 -> -4.7412161 | P116: =-H65*F65*K65 -> -11.478601
G117: =-H42*C42*K42 -> -3.3382647 | J117: =-H42*F42*K42 -> -8.7497079 | M117: =-H66*C66*K66 -> -4.7570273 | P117: =-H66*F66*K66 -> -12.468334
G118: =-H43*C43*K43 -> -3.3236748 | J118: =-H43*F43*K43 -> -9.3769192 | M118: =-H67*C67*K67 -> -4.7362366 | P118: =-H67*F67*K67 -> -13.36211
G119: =-H44*C44*K44 -> -3.29059 | J119: =-H44*F44*K44 -> -9.9391357 | M119: =-H68*C68*K68 -> -4.6890907 | P119: =-H68*F68*K68 -> -14.163268
G120: =-H45*C45*K45 -> -3.2442724 | J120: =-H45*F45*K45 -> -10.43893 | M120: =-H69*C69*K69 -> -4.6230882 | P120: =-H69*F69*K69 -> -14.875476
G121: =-H46*C46*K46 -> -3.188572 | J121: =-H46*F46*K46 -> -10.879037 | M121: =-H70*C70*K70 -> -4.5437152 | P121: =-H70*F70*K70 -> -15.502628
G122: =-H47*C47*K47 -> -3.1263072 | J122: =-H47*F47*K47 -> -11.262296 | M122: =-H71*C71*K71 -> -4.4549877 | P122: =-H71*F71*K71 -> -16.048772
G123: =-H48*C48*K48 -> -125.4413 | J123: =-H48*F48*K48 -> -475.25632 | M123: =-H72*C72*K72 -> -4.35985 | P123: =-H72*F72*K72 -> -16.518055
G124: =SUM(G109:G123) -> -165.84191 | J124: =SUM(J109:J123) -> -574.9838 | M124: =-H73*C73*K73 -> -4.2604648 | P124: =-H73*F73*K73 -> -16.914671
M125: =-H74*C74*K74 -> -4.1584257 | P125: =-H74*F74*K74 -> -17.242827
M126: =-H75*C75*K75 -> -4.0549109 | P126: =-H75*F75*K75 -> -17.506709
M127: =-H76*C76*K76 -> -3.9507957 | P127: =-H76*F76*K76 -> -17.710456
M128: =-H77*C77*K77 -> -3.8467336 | P128: =-H77*F77*K77 -> -17.858135
M129: =-H78*C78*K78 -> -3.7432151 | P129: =-H78*F78*K78 -> -17.953722
M130: =-H79*C79*K79 -> -3.6406105 | P130: =-H79*F79*K79 -> -18.001085
M131: =-H80*C80*K80 -> -3.539201 | P131: =-H80*F80*K80 -> -18.003972
M132: =-H81*C81*K81 -> -3.4392011 | P132: =-H81*F81*K81 -> -17.965994
M133: =-H82*C82*K82 -> -3.3407753 | P133: =-H82*F82*K82 -> -17.890621
M134: =-H83*C83*K83 -> -3.2440495 | P134: =-H83*F83*K83 -> -17.781174
M135: =-H84*C84*K84 -> -3.1491202 | P135: =-H84*F84*K84 -> -17.640818
M136: =-H85*C85*K85 -> -3.056061 | P136: =-H85*F85*K85 -> -17.47256
... M146: =-H95*C95*K95 -> -64.966947 | P146: =-H95*F95*K95 -> -430.36816
M148: =SUM(M109:M146) -> -197.96437 | P148: =SUM(P109:P146) -> -965.30291
E150: der wrt F1 | F150: der wrt F2
...

Sheet Bloomberg Prices
A1: T 6.5 08/15/05 Govt | F1: T 5 08/15/11 Govt | K1: T 7.125 02/15/23 Govt
A2: Date | B2: PX_ASK | C2: PX_BID | D2: PX_LAST | F2: Date | G2: PX_ASK | H2: PX_BID | I2: PX_LAST | K2: Date | L2: PX_ASK | M2: PX_BID | N2: PX_LAST
A3: 36572 | B3: 107.5625 | C3: 107.5 | D3: 107.53125 | F3: 36572 | G3: 108.79688 | H3: 108.73438 | I3: 108.76562 | K3: 36572 | L3: 127.85938 | M3: 127.79688 | N3: 127.82812
A4: 36573 | B4: 107.53125 | C4: 107.46875 | D4: 107.5 | F4: 36573 | G4: 108.70312 | H4: 108.64062 | I4: 108.67188 | K4: 36573 | L4: 127.84375 | M4: 127.78125 | N4: 127.8125
A5: 36574 | B5: 107.5625 | C5: 107.5 | D5: 107.53125 | F5: 36574 | G5: 108.82812 | H5: 108.76562 | I5: 108.79688 | K5: 36574 | L5: 128.0625 | M5: 128 | N5: 128.03125
A6: 36575 | B6: 107.4375 | C6: 107.375 | D6: 107.40625 | F6: 36575 | G6: 108.35938 | H6: 108.29688 | I6: 108.32812 | K6: 36575 | L6: 127.1875 | M6: 127.125 | N6: 127.15625
A7: 36578 | B7: 107.5 | C7: 107.4375 | D7: 107.46875 | F7: 36578 | G7: 108.8125 | H7: 108.75 | I7: 108.78125 | K7: 36578 | L7: 128.01562 | M7: 127.95312 | N7: 127.98438
A8: 36579 | B8: 107.51562 | C8: 107.45312 | D8: 107.48438 | F8: 36579 | G8: 108.90625 | H8: 108.84375 | I8: 108.875 | K8: 36579 | L8: 128.0625 | M8: 128 | N8: 128.03125
A9: 36580 | B9: 107.53125 | C9: 107.46875 | D9: 107.5 | F9: 36580 | G9: 109.01562 | H9: 108.95312 | I9: 108.98438 | K9: 36580 | L9: 128.25 | M9: 128.1875 | N9: 128.21875
A10: 36581 | B10: 107.48438 | C10: 107.42188 | D10: 107.45312 | F10: 36581 | G10: 108.82812 | H10: 108.76562 | I10: 108.79688 | K10: 36581 | L10: 127.875 | M10: 127.8125 | N10: 127.84375
A11: 36582 | B11: 107.48438 | C11: 107.42188 | D11: 107.45312 | F11: 36582 | G11: 109.26562 | H11: 109.20312 | I11: 109.23438 | K11: 36582 | L11: 128.90625 | M11: 128.84375 | N11: 128.875
A12: 36585 | B12: 107.45312 | C12: 107.39062 | D12: 107.42188 | F12: 36585 | G12: 109.20312 | H12: 109.14062 | I12: 109.17188 | K12: 36585 | L12: 128.90625 | M12: 128.84375 | N12: 128.875
A13: 36586 | B13: 107.3125 | C13: 107.25 | D13: 107.28125 | F13: 36586 | G13: 108.70312 | H13: 108.64062 | I13: 108.67188 | K13: 36586 | L13: 127.875 | M13: 127.8125 | N13: 127.84375
A14: 36587 | B14: 107.29688 | C14: 107.23438 | D14: 107.26562 | F14: 36587 | G14: 108.64062 | H14: 108.57812 | I14: 108.60938 | K14: 36587 | L14: 127.8125 | M14: 127.75 | N14: 127.78125
... A67: 36662 | B67: 105.60938 | C67: 105.54688 | D67: 105.57812 | F67: 36662 | G67: 104.10938 | H67: 104.04688 | I67: 104.07812 | K67: 36662 | L67: 119.79688 | M67: 119.73438 | N67: 119.76562

Sheet Sheet4
